Jets vs Devils (R2)

Created - 18 avril 2014 at 09:49

Goals
1 2 3 OT1 T
Jets 2 0 0 0 2
Devils 0 1 1 1 3
Shots
1 2 3 OT1 T
Jets 16 8 10 2 36
Devils 5 10 5 9 29

1st period

1. Jets , Derek Roy 3 (Adam Burish) at 13:42 (PP)
2. Jets , Daniel Alfredsson 1 (Benoit Pouliot, Jason Allison) at 14:01

Penalties :
Saku Koivu (NJD) for Hooking (Minor) at 3:14, Saku Koivu (NJD) for Hooking (Minor) at 8:28, Andrei Markov (NJD) for Roughing (Minor) at 12:24

2nd period

3. Devils , Dustin Boyd 1 (Tomas Holmstrom, Lee Stempniak) at 8:49

Penalties :
Brian Rafalski (NJD) for High sticking (Minor) at 0:27, Stephen Weiss (NJD) for Hooking (Minor) at 3:50, Derek Roy (Win) for Hooking (Minor) at 11:49, Kurtis Foster (NJD) for Roughing (Minor) at 16:38

3rd period

4. Devils , Jonas Hoglund 2 (Kurtis Foster, Brian Rafalski) at 19:47 (PP)

Penalties :
Jussi Jokinen (Win) for Slashing (Minor) at 1:45, Fredrik Sjostrom (Win) for High sticking (Minor) at 5:28, Andrei Kostitsyn (NJD) for Tripping (Minor) at 10:54, Michal Rozsival (Win) for Holding (Minor) at 12:33, Dustin Boyd (NJD) for Holding (Minor) at 15:53, Fredrik Sjostrom (Win) for High sticking (Minor) at 18:40

Overtime #1

5. Devils , Guillaume Latendresse 2 (Andrei Markov, Stephen Weiss) at 10:16

Penalties :
Tomas Holmstrom (NJD) for Holding (Minor) at 1:17, Andrei Kostitsyn (NJD) for Hooking (Minor) at 5:11

Goalie Stats

Maxime Daigneault (Win), 26 saves from 29 shots - (0,897), OTL, 2-0-1, 70:16 minutes
Dan Ellis (NJD), 34 saves from 36 shots - (0,944), W, 1-0-0, 70:00 minutes

Players Stats for Jets

Player Name              G  A  P  +/- PIM S  H  SB GA TA FO     MP     PP MP  PK MP  
------------------------------------------------------------------------------------
Adam Burish              0  1  1  -2  0   4  5  0  1  0  0/0    21:36   8:24   2:14 
Benoit Pouliot           0  1  1   1  0   5  3  0  2  1  0/0    18:42   6:30   1:32 
Daniel Alfredsson        1  0  1   1  0   2  1  1  1  0  5/5    26:52  10:21   4:57 
Derek Roy                1  0  1  -2  2   1  2  0  0  1  12/23  20:57   8:24   1:14 
Dmitri Kalinin           0  0  0   0  0   3  1  0  0  2  0/0    27:43   8:46   4:17 
Eric Brewer              0  0  0   0  0   1  2  2  0  1  0/0    32:57  10:03   4:51 
Fredrik Sjostrom         0  0  0   0  4   0  0  0  0  0  0/1     9:26   1:34   0:00 
Greg Campbell            0  0  0   0  0   0  0  0  0  0  0/5    10:12   0:41   2:36 
Jason Allison            0  1  1   1  0   4  2  0  1  1  22/41  26:26  10:01   4:39 
Jussi Jokinen            0  0  0  -2  2   6  3  3  1  1  0/0    21:39  10:11   0:00 
Kristian Huselius        0  0  0   0  0   2  2  0  0  1  0/0    12:44   0:00   0:00 
Kyle Wellwood            0  0  0   0  0   2  1  0  0  0  2/7    12:58   0:00   0:14 
Marek Zidlicky           0  0  0  -1  0   0  0  2  0  1  0/0    23:06   8:46   0:45 
Michal Rozsival          0  0  0   0  2   2  3  6  1  2  0/0    30:56  10:02   3:07 
Mike Commodore           0  0  0   0  0   0  0  1  0  0  0/0    16:26   0:00   4:26 
Miroslav Satan           0  0  0   0  0   0  0  0  1  0  1/1     7:11   0:21   0:00 
Roman Hamrlik            0  0  0  -1  0   1  1  2  0  0  0/0     9:37   0:00   0:00 
Tuomo Ruutu              0  0  0   0  0   3  0  1  0  1  0/1    12:44   0:00   0:00 

Players Stats for Devils

Player Name              G  A  P  +/- PIM S  H  SB GA TA FO     MP     PP MP  PK MP  
------------------------------------------------------------------------------------
Andrei Kostitsyn         0  0  0  -1  4   3  1  0  1  0  1/2    20:18   4:17   2:31 
Andrei Markov            0  1  1   1  2   2  1  1  0  0  0/0    29:44   4:49   7:33 
Ben Lovejoy              0  0  0   0  0   0  3  3  0  3  0/0    17:38   4:29   0:16 
Brian Rafalski           0  1  1   0  2   0  1  2  0  0  0/0    19:23   3:54   0:58 
Dustin Boyd              1  0  1   1  2   3  3  0  0  0  9/14   15:49   3:57   2:35 
Guillaume Latendresse    1  0  1   1  0   6  1  0  4  0  0/1    17:54   4:21   0:27 
Jason Williams           0  0  0   0  0   0  0  0  0  0  5/7    14:13   0:00   6:44 
Jeff Schultz             0  0  0   1  0   0  0  0  2  1  0/0    17:46   0:00   7:35 
Jonas Hoglund            1  0  1  -1  0   2  5  1  1  0  1/2    26:47   4:20   9:37 
Kurtis Foster            0  1  1   0  2   1  3  1  0  3  0/0    26:07   3:54  10:18 
Ladislav Nagy            0  0  0   0  0   1  0  0  0  0  0/0     6:34   0:00   0:00 
Lee Stempniak            0  1  1   1  0   3  2  0  1  0  0/3    18:36   0:31   7:51 
Mike Komisarek           0  0  0   0  0   0  3  2  0  1  0/0    30:01   0:20  10:58 
Patrick Eaves            0  0  0   1  0   0  4  2  1  0  1/3    13:32   0:17   0:00 
Phil Kessel              0  0  0   0  0   0  0  0  0  0  0/0     9:57   3:57   0:00 
Saku Koivu               0  0  0  -1  4   3  2  1  1  0  17/39  21:38   0:20   7:39 
Stephen Weiss            0  1  1   1  2   2  1  0  1  0  8/13   16:43   4:09   0:14 
Tomas Holmstrom          0  1  1   1  2   3  1  0  0  0  0/0     9:21   0:00   0:00 

3 Stars

1 - Daniel Alfredsson (Win)
2 - Jonas Hoglund (NJD)
3 - Guillaume Latendresse (NJD)

Power Play

Jets - 1 on 10 Attempt(s) - 10,00%
Devils - 1 on 5 Attempt(s) - 20,00%

Penalty Kill

Jets - 4 on 5 Attempt(s) - 80,00% - Score 0 goal in Penalty Kill
Devils - 9 on 10 Attempt(s) - 90,00% - Score 0 goal in Penalty Kill

Official

Referees : Furlatt Eric and Watson Brad
Linesman : Pierre Racicot and Greg Devorski

Game Notes

Benoit Pouliot is injured at 18:26 of 3rd period (Back)

Finance

Level 1 -- Attendance: 6000 (100,00%) -- Ticket Income 510 000 $
Level 2 -- Attendance: 5000 (100,00%) -- Ticket Income 260 000 $
Level 3 -- Attendance: 2000 (100,00%) -- Ticket Income 56 000 $
Level 4 -- Attendance: 3979 (99,48%) -- Ticket Income 79 580 $
Luxury Box -- Attendance: 1000 (100,00%) -- Ticket Income 170 000 $
Game was played at the The prudential Center
Total Attendance: 17979 (99,88%)
Total Ticket Income: 1 075 580 $
Other Income: 161 337 $
Total Income: 1 236 917 $

Jets

5 vs 5 Forward 
   Center                   Left Wing                Right Wing               Time % Phy DF OF 
 1 Jason Allison            Benoit Pouliot           Daniel Alfredsson        38     1   2  2  
 2 Derek Roy                Jussi Jokinen            Adam Burish              34     1   2  2  
 3 Kyle Wellwood            Kristian Huselius        Tuomo Ruutu              18     1   2  2  
 4 Greg Campbell            Fredrik Sjostrom         Miroslav Satan           10     1   2  2  

5 vs 5 Defense 
   Defense                  Defense                                           Time % Phy DF OF 
 1 Michal Rozsival          Eric Brewer                                       40     2   2  1  
 2 Dmitri Kalinin           Mike Commodore                                    30     2   2  1  
 3 Roman Hamrlik            Marek Zidlicky                                    20     2   2  1  
 4 Marek Zidlicky           Dmitri Kalinin                                    10     2   2  1  

PowerPlay Forward 
   Center                   Left Wing                Right Wing               Time % Phy DF OF 
 1 Jason Allison            Jussi Jokinen            Daniel Alfredsson        60     0   0  5  
 2 Derek Roy                Benoit Pouliot           Adam Burish              40     0   0  5  

PowerPlay Defense
   Defense                  Defense                                           Time % Phy DF OF 
 1 Michal Rozsival          Eric Brewer                                       50     0   1  4  
 2 Dmitri Kalinin           Marek Zidlicky                                    50     0   1  4  

Penalty Kill 4 Players Forward 
   Center                   Wing                     Time % Phy DF OF 
 1 Jason Allison            Daniel Alfredsson        60     0   4  1  
 2 Greg Campbell            Adam Burish              40     0   4  1  

Penalty Kill 4 Players Defense
   Defense                  Defense                  Time % Phy DF OF 
 1 Eric Brewer              Mike Commodore           60     0   5  0  
 2 Michal Rozsival          Dmitri Kalinin           40     0   5  0  

Penalty Kill - 3 Players Forward 
   Forward                                           Time % Phy DF OF 
 1 Daniel Alfredsson                                 60     0   5  0  
 2 Jason Allison                                     40     0   5  0  

Penalty Kill - 3 Players Defense
   Defense                  Defense                  Time % Phy DF OF 
 1 Mike Commodore           Michal Rozsival          60     0   5  0  
 2 Eric Brewer              Dmitri Kalinin           40     0   5  0  

4 vs 4 Forward 
   Center                   Wing                     Time % Phy DF OF 
 1 Jason Allison            Benoit Pouliot           60     1   2  2  
 2 Derek Roy                Daniel Alfredsson        40     1   2  2  

4 vs 4 Defense
   Defense                  Defense                  Time % Phy DF OF 
 1 Michal Rozsival          Eric Brewer              60     1   3  1  
 2 Marek Zidlicky           Dmitri Kalinin           40     1   3  1  

Last Minutes Offensive
   Center                   Left Wing                Right Wing               Defense                  Defense                  
   Jason Allison            Benoit Pouliot           Daniel Alfredsson        Michal Rozsival          Eric Brewer              

Last Minutes Defensive
   Center                   Left Wing                Right Wing               Defense                  Defense                  
   Greg Campbell            Daniel Alfredsson        Adam Burish              Eric Brewer              Mike Commodore           

Goaltenders
Starting : Maxime Daigneault        
Backup : Ilya Bryzgalov           

Extra Forwards
Normal : Jason Allison, Daniel Alfredsson, Jussi Jokinen - PP : Jason Allison, Daniel Alfredsson - PK : Daniel Alfredsson
Extra Defensemen
Normal : Mike Commodore, Michal Rozsival, Eric Brewer - PP : Michal Rozsival - PK : Dmitri Kalinin, Michal Rozsival
Penalty Shots
Adam Burish, Tuomo Ruutu, Daniel Alfredsson, Jason Allison, Benoit Pouliot

Devils

5 vs 5 Forward 
   Center                   Left Wing                Right Wing               Time % Phy DF OF 
 1 Saku Koivu               Andrei Kostitsyn         Jonas Hoglund            40     0   2  3  
 2 Stephen Weiss            Guillaume Latendresse    Patrick Eaves            30     0   2  3  
 3 Dustin Boyd              Tomas Holmstrom          Lee Stempniak            20     0   2  3  
 4 Jason Williams           Ladislav Nagy            Phil Kessel              10     0   3  2  

5 vs 5 Defense 
   Defense                  Defense                                           Time % Phy DF OF 
 1 Mike Komisarek           Andrei Markov                                     40     0   3  2  
 2 Ben Lovejoy              Brian Rafalski                                    30     0   3  2  
 3 Jeff Schultz             Kurtis Foster                                     20     0   3  2  
 4 Kurtis Foster            Brian Rafalski                                    10     0   3  2  

PowerPlay Forward 
   Center                   Left Wing                Right Wing               Time % Phy DF OF 
 1 Stephen Weiss            Guillaume Latendresse    Jonas Hoglund            60     0   1  4  
 2 Dustin Boyd              Andrei Kostitsyn         Phil Kessel              40     0   1  4  

PowerPlay Defense
   Defense                  Defense                                           Time % Phy DF OF 
 1 Andrei Markov            Ben Lovejoy                                       60     0   2  3  
 2 Brian Rafalski           Kurtis Foster                                     40     0   2  3  

Penalty Kill 4 Players Forward 
   Center                   Wing                     Time % Phy DF OF 
 1 Saku Koivu               Jonas Hoglund            60     0   4  1  
 2 Jason Williams           Lee Stempniak            40     0   4  1  

Penalty Kill 4 Players Defense
   Defense                  Defense                  Time % Phy DF OF 
 1 Kurtis Foster            Mike Komisarek           60     0   4  1  
 2 Jeff Schultz             Andrei Markov            40     0   4  1  

Penalty Kill - 3 Players Forward 
   Forward                                           Time % Phy DF OF 
 1 Saku Koivu                                        60     0   4  1  
 2 Jason Williams                                    40     0   4  1  

Penalty Kill - 3 Players Defense
   Defense                  Defense                  Time % Phy DF OF 
 1 Kurtis Foster            Mike Komisarek           60     1   3  1  
 2 Jeff Schultz             Andrei Markov            40     1   3  1  

4 vs 4 Forward 
   Center                   Wing                     Time % Phy DF OF 
 1 Saku Koivu               Guillaume Latendresse    60     0   2  3  
 2 Stephen Weiss            Jonas Hoglund            40     0   2  3  

4 vs 4 Defense
   Defense                  Defense                  Time % Phy DF OF 
 1 Mike Komisarek           Andrei Markov            60     0   2  3  
 2 Jeff Schultz             Kurtis Foster            40     0   2  3  

Last Minutes Offensive
   Center                   Left Wing                Right Wing               Defense                  Defense                  
   Stephen Weiss            Guillaume Latendresse    Jonas Hoglund            Andrei Markov            Ben Lovejoy              

Last Minutes Defensive
   Center                   Left Wing                Right Wing               Defense                  Defense                  
   Saku Koivu               Guillaume Latendresse    Jonas Hoglund            Mike Komisarek           Jeff Schultz             

Goaltenders
Starting : Dan Ellis                
Backup : Jonathan Bernier         

Extra Forwards
Normal : Lee Stempniak, Phil Kessel, Patrick Eaves - PP : Lee Stempniak, Patrick Eaves - PK : Lee Stempniak
Extra Defensemen
Normal : Ben Lovejoy, Jeff Schultz, Kurtis Foster - PP : Ben Lovejoy - PK : Kurtis Foster, Brian Rafalski
Penalty Shots
Stephen Weiss, Guillaume Latendresse, Saku Koivu, Ladislav Nagy, Tomas Holmstrom

% Time on Ice - Jets

Lines # - Real PCT - Wanted PCT - Time Play
Normal Forward
1 - 28% - 38% - 11:52
2 - 26% - 34% - 11:03
3 - 30% - 18% - 12:44
4 - 16% - 10% - 6:45
Normal Defense
1 - 42% - 40% - 17:55
2 - 30% - 30% - 12:48
3 - 23% - 20% - 9:37
4 - 5% - 10% - 2:04
PP Forward
1 - 54% - 60% - 10:12
2 - 46% - 40% - 8:37
PP Defense
1 - 53% - 50% - 10:03
2 - 47% - 50% - 8:46
PK Forward
1 - 74% - 60% - 6:29
2 - 26% - 40% - 2:14
PK Defense
1 - 51% - 60% - 4:26
2 - 49% - 40% - 4:17
PK3 Forward
1 - 0% - 60%
2 - 0% - 40%
PK3 Defense
1 - 0% - 60%
2 - 0% - 40%
44 Forward
1 - 100% - 60% - 0:20
2 - 0% - 40% - 0:00
44 Defense
1 - 100% - 60% - 0:20
2 - 0% - 40% - 0:00
Last Minute Offensive  - 0:00
Last Minute Defensive  - 0:00
Total
Forward - 70:16
Defense - 70:16

% Time on Ice - Devils

Lines # - Real PCT - Wanted PCT - Time Play
Normal Forward
1 - 33% - 40% - 14:10
2 - 29% - 30% - 12:26
3 - 22% - 20% - 9:14
4 - 15% - 10% - 6:34
Normal Defense
1 - 47% - 40% - 19:50
2 - 33% - 30% - 14:02
3 - 17% - 20% - 7:07
4 - 3% - 10% - 1:25
PP Forward
1 - 55% - 60% - 4:46
2 - 45% - 40% - 3:57
PP Defense
1 - 55% - 60% - 4:49
2 - 45% - 40% - 3:54
PK Forward
1 - 67% - 60% - 12:42
2 - 33% - 40% - 6:07
PK Defense
1 - 60% - 60% - 11:14
2 - 40% - 40% - 7:35
PK3 Forward
1 - 0% - 60%
2 - 0% - 40%
PK3 Defense
1 - 0% - 60%
2 - 0% - 40%
44 Forward
1 - 100% - 60% - 0:20
2 - 0% - 40% - 0:00
44 Defense
1 - 100% - 60% - 0:20
2 - 0% - 40% - 0:00
Last Minute Offensive  - 0:00
Last Minute Defensive  - 0:00
Total
Forward - 70:16
Defense - 70:16

Play by Play

1st period


0:01 of 1st period - Jason Allison wins face-off versus Saku Koivu in neutral zone.
0:26 of 1st period - Mike Komisarek is hit by Derek Roy and loses puck.
0:39 of 1st period - Wrist shot by Jussi Jokinen.
0:39 of 1st period - Stopped by Dan Ellis with a rebound.
1:17 of 1st period - Snap shot by Andrei Markov.
1:17 of 1st period - Shot Misses the Net.
1:39 of 1st period - Snap shot by Daniel Alfredsson.
1:39 of 1st period - Shot Blocked by Ben Lovejoy.
2:22 of 1st period - Icing by Eric Brewer.
2:23 of 1st period - Dustin Boyd wins face-off versus Tuomo Ruutu in Jets zone.
2:48 of 1st period - Snap shot by Tomas Holmstrom.
2:48 of 1st period - Stopped by Maxime Daigneault without a rebound.
2:49 of 1st period - Derek Roy wins face-off versus Saku Koivu in Jets zone.
2:49 of 1st period - Derek Roy is hit by Jonas Hoglund.
2:52 of 1st period - Icing by Adam Burish.
2:53 of 1st period - Derek Roy wins face-off versus Saku Koivu in Jets zone.
2:59 of 1st period - Snap shot by Adam Burish.
2:59 of 1st period - Deflect By Kurtis Foster.
2:59 of 1st period - Shot Misses the Net.
2:59 of 1st period - Puck is out of play.
3:00 of 1st period - Saku Koivu wins face-off versus Jason Allison in Devils zone.
3:11 of 1st period - Snap shot by Benoit Pouliot.
3:11 of 1st period - Stopped by Dan Ellis without a rebound.
3:12 of 1st period - Saku Koivu wins face-off versus Derek Roy in Devils zone.
3:14 of 1st period - Minor Penalty to Saku Koivu for Hooking.
3:15 of 1st period - Jason Allison wins face-off versus Lee Stempniak in Devils zone.
3:19 of 1st period - Snap shot by Daniel Alfredsson.
3:19 of 1st period - Stopped by Dan Ellis without a rebound.
3:20 of 1st period - Jason Allison wins face-off versus Lee Stempniak in Devils zone.
3:45 of 1st period - Adam Burish is hit by Mike Komisarek and loses puck.
3:53 of 1st period - Off-side.
3:54 of 1st period - Jason Allison wins face-off versus Dustin Boyd in neutral zone.
4:05 of 1st period - Snap shot by Jason Allison.
4:05 of 1st period - Shot Misses the Net.
5:14 of 1st period - Penalty to Saku Koivu is over, Saku Koivu is back on ice.
5:27 of 1st period - Snap shot by Stephen Weiss.
5:27 of 1st period - Stopped by Maxime Daigneault with a rebound.
6:02 of 1st period - Brian Rafalski is hit by Adam Burish and loses puck.
6:43 of 1st period - Snap shot by Lee Stempniak.
6:43 of 1st period - Deflect By Dustin Boyd.
6:43 of 1st period - Stopped by Maxime Daigneault with a rebound.
7:09 of 1st period - Snap shot by Ladislav Nagy.
7:09 of 1st period - Stopped by Maxime Daigneault with a rebound.
7:23 of 1st period - Eric Brewer is hit by Patrick Eaves and loses puck.
7:42 of 1st period - Dmitri Kalinin is hit by Dustin Boyd.
7:52 of 1st period - Marek Zidlicky is hit by Tomas Holmstrom and loses puck.
8:03 of 1st period - Mike Komisarek is hit by Benoit Pouliot and loses puck.
8:28 of 1st period - Minor Penalty to Saku Koivu for Hooking.
8:29 of 1st period - Jason Allison wins face-off versus Lee Stempniak in Devils zone.
8:59 of 1st period - Jonas Hoglund is hit by Benoit Pouliot and loses puck.
9:20 of 1st period - Jeff Schultz is hit by Jason Allison and loses puck.
10:28 of 1st period - Penalty to Saku Koivu is over, Saku Koivu is back on ice.
10:37 of 1st period - Dmitri Kalinin is hit by Kurtis Foster and loses puck.
11:12 of 1st period - Icing by Mike Commodore.
11:13 of 1st period - Kyle Wellwood wins face-off versus Patrick Eaves in Jets zone.
11:20 of 1st period - Slapshot by Dmitri Kalinin.
11:20 of 1st period - Stopped by Dan Ellis without a rebound.
11:21 of 1st period - Jason Allison wins face-off versus Stephen Weiss in Devils zone.
11:26 of 1st period - Wrist shot by Guillaume Latendresse.
11:26 of 1st period - Shot Blocked by Daniel Alfredsson.
11:46 of 1st period - Stephen Weiss is hit by Adam Burish and loses puck.
11:55 of 1st period - Jussi Jokinen is hit by Mike Komisarek and loses puck.
12:16 of 1st period - Slapshot by Miroslav Satan.
12:16 of 1st period - Shot Misses the Net.
12:24 of 1st period - Minor Penalty to Andrei Markov for Roughing.
12:25 of 1st period - Saku Koivu wins face-off versus Jason Allison in Devils zone.
12:45 of 1st period - Icing by Marek Zidlicky.
12:46 of 1st period - Jason Allison wins face-off versus Saku Koivu in Jets zone.
13:10 of 1st period - Backhand shot by Jussi Jokinen.
13:10 of 1st period - Stopped by Dan Ellis without a rebound.
13:11 of 1st period - Derek Roy wins face-off versus Jason Williams in Devils zone.
13:21 of 1st period - Icing by Adam Burish.
13:22 of 1st period - Derek Roy wins face-off versus Saku Koivu in Jets zone.
13:27 of 1st period - Eric Brewer is hit by Saku Koivu and loses puck.
13:42 of 1st period - Slapshot by Derek Roy.
13:42 of 1st period - Goal by Derek Roy - Jets : 1 - Devils : 0.
13:43 of 1st period - Jason Allison wins face-off versus Saku Koivu in neutral zone.
13:43 of 1st period - Benoit Pouliot is hit by Jonas Hoglund and loses puck.
13:47 of 1st period - Off-side.
13:48 of 1st period - Daniel Alfredsson wins face-off versus Saku Koivu in neutral zone.
13:57 of 1st period - Wrist shot by Benoit Pouliot.
13:57 of 1st period - Shot Blocked by Jonas Hoglund.
13:59 of 1st period - Slapshot by Daniel Alfredsson.
13:59 of 1st period - Shot Misses the Net.
14:01 of 1st period - Slapshot by Daniel Alfredsson.
14:01 of 1st period - Goal by Daniel Alfredsson - Jets : 2 - Devils : 0.
14:02 of 1st period - Jason Allison wins face-off versus Saku Koivu in neutral zone.
14:09 of 1st period - Wrist shot by Jason Allison.
14:09 of 1st period - Shot Blocked by Andrei Markov.
14:11 of 1st period - Wrist shot by Jason Allison.
14:11 of 1st period - Deflect By Daniel Alfredsson.
14:11 of 1st period - Shot Blocked by Saku Koivu.
14:11 of 1st period - Puck is out of play.
14:12 of 1st period - Jason Allison wins face-off versus Saku Koivu in Devils zone.
14:15 of 1st period - Snap shot by Jason Allison.
14:15 of 1st period - Shot Misses the Net.
14:27 of 1st period - Backhand shot by Jason Allison.
14:27 of 1st period - Stopped by Dan Ellis with a rebound.
14:29 of 1st period - Slapshot by Eric Brewer.
14:29 of 1st period - Shot Blocked by Mike Komisarek.
14:31 of 1st period - Wrist shot by Jason Allison.
14:31 of 1st period - Stopped by Dan Ellis with a rebound.
14:33 of 1st period - Wrist shot by Benoit Pouliot.
14:33 of 1st period - Stopped by Dan Ellis without a rebound.
14:34 of 1st period - Derek Roy wins face-off versus Stephen Weiss in Devils zone.
14:41 of 1st period - Snap shot by Adam Burish.
14:41 of 1st period - Shot Blocked by Patrick Eaves.
14:43 of 1st period - Snap shot by Mike Commodore.
14:43 of 1st period - Shot Blocked by Patrick Eaves.
14:45 of 1st period - Wrist shot by Adam Burish.
14:45 of 1st period - Shot Misses the Net.
14:47 of 1st period - Snap shot by Jussi Jokinen.
14:47 of 1st period - Stopped by Dan Ellis without a rebound.
14:48 of 1st period - Saku Koivu wins face-off versus Jason Allison in Devils zone.
15:13 of 1st period - Derek Roy is hit by Dustin Boyd and loses puck.
15:22 of 1st period - Wrist shot by Lee Stempniak.
15:22 of 1st period - Shot Blocked by Michal Rozsival.
15:24 of 1st period - Slapshot by Jeff Schultz.
15:24 of 1st period - Shot Blocked by Eric Brewer.
15:34 of 1st period - Jeff Schultz is hit by Kyle Wellwood and loses puck.
16:00 of 1st period - Off-side.
16:01 of 1st period - Derek Roy wins face-off versus Jason Williams in neutral zone.
16:10 of 1st period - Wrist shot by Adam Burish.
16:10 of 1st period - Shot Blocked by Brian Rafalski.
16:32 of 1st period - Snap shot by Kristian Huselius.
16:32 of 1st period - Shot Blocked by Ben Lovejoy.
16:34 of 1st period - Snap shot by Roman Hamrlik.
16:34 of 1st period - Stopped by Dan Ellis without a rebound.
16:35 of 1st period - Derek Roy wins face-off versus Saku Koivu in Devils zone.
16:38 of 1st period - Wrist shot by Adam Burish.
16:38 of 1st period - Stopped by Dan Ellis without a rebound.
16:39 of 1st period - Saku Koivu wins face-off versus Derek Roy in Devils zone.
17:11 of 1st period - Snap shot by Guillaume Latendresse.
17:11 of 1st period - Shot Misses the Net.
17:29 of 1st period - Slapshot by Andrei Markov.
17:29 of 1st period - Stopped by Maxime Daigneault without a rebound.
17:30 of 1st period - Dustin Boyd wins face-off versus Kyle Wellwood in Jets zone.
17:39 of 1st period - Snap shot by Tomas Holmstrom.
17:39 of 1st period - Shot Misses the Net.
17:59 of 1st period - Snap shot by Kyle Wellwood.
17:59 of 1st period - Stopped by Dan Ellis without a rebound.
18:00 of 1st period - Jason Allison wins face-off versus Saku Koivu in Devils zone.
18:31 of 1st period - Derek Roy is hit by Kurtis Foster and loses puck.
19:08 of 1st period - Ladislav Nagy is hit by Jason Allison and loses puck.
19:35 of 1st period - Slapshot by Michal Rozsival.
19:35 of 1st period - Deflect By Kyle Wellwood.
19:35 of 1st period - Shot Misses the Net.
19:35 of 1st period - Puck is out of play.
19:36 of 1st period - Derek Roy wins face-off versus Saku Koivu in Devils zone.
19:41 of 1st period - Snap shot by Jussi Jokinen.
19:41 of 1st period - Stopped by Dan Ellis with a rebound.
19:49 of 1st period - Slapshot by Jussi Jokinen.
19:49 of 1st period - Shot Misses the Net.
19:51 of 1st period - Wrist shot by Jussi Jokinen.
19:51 of 1st period - Stopped by Dan Ellis with a rebound.
Goals for this period are 2 for Jets vs 0 for Devils.
Shots for this period are 16 for Jets vs 5 for Devils.

2nd period


0:01 of 2nd period - Jason Allison wins face-off versus Andrei Kostitsyn in neutral zone.
0:27 of 2nd period - Minor Penalty to Brian Rafalski for High sticking.
0:28 of 2nd period - Daniel Alfredsson wins face-off versus Saku Koivu in Devils zone.
0:43 of 2nd period - Slapshot by Michal Rozsival.
0:43 of 2nd period - Stopped by Dan Ellis with a rebound.
2:27 of 2nd period - Penalty to Brian Rafalski is over, Brian Rafalski is back on ice.
3:10 of 2nd period - Dmitri Kalinin is hit by Brian Rafalski and loses puck.
3:18 of 2nd period - Icing by Dmitri Kalinin.
3:19 of 2nd period - Dustin Boyd wins face-off versus Greg Campbell in Jets zone.
3:47 of 2nd period - Wrist shot by Adam Burish.
3:47 of 2nd period - Stopped by Dan Ellis without a rebound.
3:48 of 2nd period - Stephen Weiss wins face-off versus Derek Roy in Devils zone.
3:50 of 2nd period - Minor Penalty to Stephen Weiss for Hooking.
3:51 of 2nd period - Saku Koivu wins face-off versus Jason Allison in Devils zone.
4:09 of 2nd period - Saku Koivu is hit by Jussi Jokinen and loses puck.
4:22 of 2nd period - Snap shot by Benoit Pouliot.
4:22 of 2nd period - Stopped by Dan Ellis without a rebound.
4:23 of 2nd period - Jason Williams wins face-off versus Derek Roy in Devils zone.
4:48 of 2nd period - Daniel Alfredsson is hit by Andrei Markov and loses puck.
4:55 of 2nd period - Snap shot by Eric Brewer.
4:55 of 2nd period - Deflect By Jason Allison.
4:55 of 2nd period - Stopped by Dan Ellis without a rebound.
4:56 of 2nd period - Saku Koivu wins face-off versus Jason Allison in Devils zone.
5:28 of 2nd period - Slapshot by Michal Rozsival.
5:28 of 2nd period - Shot Misses the Net.
5:30 of 2nd period - Wrist shot by Benoit Pouliot.
5:30 of 2nd period - Stopped by Dan Ellis with a rebound.
5:32 of 2nd period - Slapshot by Michal Rozsival.
5:32 of 2nd period - Shot Misses the Net.
5:50 of 2nd period - Penalty to Stephen Weiss is over, Stephen Weiss is back on ice.
6:40 of 2nd period - Wrist shot by Andrei Kostitsyn.
6:40 of 2nd period - Shot Misses the Net.
6:55 of 2nd period - Wrist shot by Jason Williams.
6:55 of 2nd period - Shot Blocked by Roman Hamrlik.
7:01 of 2nd period - Ben Lovejoy is hit by Benoit Pouliot and loses puck.
7:16 of 2nd period - Kyle Wellwood is hit by Stephen Weiss and loses puck.
7:29 of 2nd period - Wrist shot by Andrei Kostitsyn.
7:29 of 2nd period - Stopped by Maxime Daigneault with a rebound.
7:51 of 2nd period - Backhand shot by Guillaume Latendresse.
7:51 of 2nd period - Stopped by Maxime Daigneault with a rebound.
8:42 of 2nd period - Eric Brewer is hit by Lee Stempniak and loses puck.
8:47 of 2nd period - Wrist shot by Tomas Holmstrom.
8:47 of 2nd period - Stopped by Maxime Daigneault with a rebound.
8:49 of 2nd period - Slapshot by Dustin Boyd.
8:49 of 2nd period - Goal by Dustin Boyd - Jets : 2 - Devils : 1.
8:50 of 2nd period - Jason Allison wins face-off versus Saku Koivu in neutral zone.
8:59 of 2nd period - Daniel Alfredsson is hit by Jonas Hoglund and loses puck.
9:26 of 2nd period - Derek Roy is hit by Kurtis Foster and loses puck.
9:43 of 2nd period - Snap shot by Lee Stempniak.
9:43 of 2nd period - Stopped by Maxime Daigneault with a rebound.
9:45 of 2nd period - Snap shot by Andrei Markov.
9:45 of 2nd period - Shot Blocked by Roman Hamrlik.
9:47 of 2nd period - Slapshot by Mike Komisarek.
9:47 of 2nd period - Shot Misses the Net.
10:19 of 2nd period - Slapshot by Andrei Markov.
10:19 of 2nd period - Stopped by Maxime Daigneault without a rebound.
10:20 of 2nd period - Saku Koivu wins face-off versus Greg Campbell in Jets zone.
10:33 of 2nd period - Slapshot by Eric Brewer.
10:33 of 2nd period - Deflect By Jonas Hoglund.
10:33 of 2nd period - Stopped by Dan Ellis without a rebound.
10:34 of 2nd period - Saku Koivu wins face-off versus Jason Allison in Devils zone.
10:43 of 2nd period - Snap shot by Saku Koivu.
10:43 of 2nd period - Stopped by Maxime Daigneault with a rebound.
10:45 of 2nd period - Snap shot by Andrei Kostitsyn.
10:45 of 2nd period - Shot Misses the Net.
10:47 of 2nd period - Snap shot by Andrei Kostitsyn.
10:47 of 2nd period - Shot Blocked by Michal Rozsival.
10:49 of 2nd period - Snap shot by Andrei Kostitsyn.
10:49 of 2nd period - Deflect By Saku Koivu.
10:49 of 2nd period - Stopped by Maxime Daigneault without a rebound.
10:50 of 2nd period - Stephen Weiss wins face-off versus Derek Roy in Jets zone.
10:51 of 2nd period - Snap shot by Guillaume Latendresse.
10:51 of 2nd period - Stopped by Maxime Daigneault without a rebound.
10:52 of 2nd period - Patrick Eaves wins face-off versus Derek Roy in Jets zone.
10:53 of 2nd period - Wrist shot by Stephen Weiss.
10:53 of 2nd period - Deflect By Guillaume Latendresse.
10:53 of 2nd period - Shot Misses the Net.
10:53 of 2nd period - Puck is out of play.
10:54 of 2nd period - Derek Roy wins face-off versus Patrick Eaves in Jets zone.
10:59 of 2nd period - Snap shot by Adam Burish.
10:59 of 2nd period - Stopped by Dan Ellis without a rebound.
11:00 of 2nd period - Stephen Weiss wins face-off versus Derek Roy in Devils zone.
11:29 of 2nd period - Andrei Markov is hit by Adam Burish and loses puck.
11:49 of 2nd period - Minor Penalty to Derek Roy for Hooking.
11:50 of 2nd period - Jason Allison wins face-off versus Dustin Boyd in Jets zone.
11:50 of 2nd period - Jason Allison is hit by Ben Lovejoy.
12:15 of 2nd period - Daniel Alfredsson is hit by Jonas Hoglund and loses puck.
12:48 of 2nd period - Michal Rozsival is hit by Ben Lovejoy and loses puck.
13:49 of 2nd period - Penalty to Derek Roy is over, Derek Roy is back on ice.
14:01 of 2nd period - Snap shot by Adam Burish.
14:01 of 2nd period - Shot Misses the Net.
14:03 of 2nd period - Backhand shot by Jussi Jokinen.
14:03 of 2nd period - Shot Misses the Net.
14:41 of 2nd period - Icing by Jason Williams.
14:42 of 2nd period - Jason Williams wins face-off versus Derek Roy in Devils zone.
15:10 of 2nd period - Eric Brewer is hit by Patrick Eaves.
15:30 of 2nd period - Roman Hamrlik is hit by Saku Koivu and loses puck.
15:47 of 2nd period - Slapshot by Ladislav Nagy.
15:47 of 2nd period - Shot Blocked by Marek Zidlicky.
15:49 of 2nd period - Wrist shot by Phil Kessel.
15:49 of 2nd period - Shot Blocked by Jussi Jokinen.
15:51 of 2nd period - Wrist shot by Kurtis Foster.
15:51 of 2nd period - Stopped by Maxime Daigneault with a rebound.
15:55 of 2nd period - Wrist shot by Ladislav Nagy.
15:55 of 2nd period - Deflect By Jason Williams.
15:55 of 2nd period - Shot Misses the Net.
15:55 of 2nd period - Puck is out of play.
15:56 of 2nd period - Daniel Alfredsson wins face-off versus Saku Koivu in Jets zone.
16:01 of 2nd period - Saku Koivu is hit by Michal Rozsival and loses puck.
16:30 of 2nd period - Wrist shot by Jussi Jokinen.
16:30 of 2nd period - Shot Hit the Post.
16:32 of 2nd period - Wrist shot by Adam Burish.
16:32 of 2nd period - Stopped by Dan Ellis with a rebound.
16:38 of 2nd period - Minor Penalty to Kurtis Foster for Roughing.
16:39 of 2nd period - Saku Koivu wins face-off versus Jason Allison in Devils zone.
18:30 of 2nd period - Icing by Michal Rozsival.
18:31 of 2nd period - Derek Roy wins face-off versus Saku Koivu in Jets zone.
18:38 of 2nd period - Penalty to Kurtis Foster is over, Kurtis Foster is back on ice.
19:28 of 2nd period - Dustin Boyd is hit by Jussi Jokinen.
19:32 of 2nd period - Ben Lovejoy is hit by Adam Burish and loses puck.
Goals for this period are 0 for Jets vs 1 for Devils.
Shots for this period are 8 for Jets vs 10 for Devils.

3rd period


0:01 of 3rd period - Jason Allison wins face-off versus Saku Koivu in neutral zone.
0:06 of 3rd period - Slapshot by Benoit Pouliot.
0:06 of 3rd period - Stopped by Dan Ellis with a rebound.
0:08 of 3rd period - Wrist shot by Jason Allison.
0:08 of 3rd period - Stopped by Dan Ellis without a rebound.
0:09 of 3rd period - Andrei Kostitsyn wins face-off versus Jason Allison in Devils zone.
0:13 of 3rd period - Off-side.
0:14 of 3rd period - Saku Koivu wins face-off versus Jason Allison in neutral zone.
0:16 of 3rd period - Off-side.
0:17 of 3rd period - Saku Koivu wins face-off versus Jason Allison in neutral zone.
0:42 of 3rd period - Snap shot by Kristian Huselius.
0:42 of 3rd period - Stopped by Dan Ellis with a rebound.
0:44 of 3rd period - Snap shot by Tuomo Ruutu.
0:44 of 3rd period - Stopped by Dan Ellis without a rebound.
0:45 of 3rd period - Kyle Wellwood wins face-off versus Stephen Weiss in Devils zone.
0:46 of 3rd period - Slapshot by Tuomo Ruutu.
0:46 of 3rd period - Stopped by Dan Ellis without a rebound.
0:47 of 3rd period - Stephen Weiss wins face-off versus Kyle Wellwood in Devils zone.
1:03 of 3rd period - Off-side.
1:04 of 3rd period - Daniel Alfredsson wins face-off versus Jonas Hoglund in neutral zone.
1:45 of 3rd period - Minor Penalty to Jussi Jokinen for Slashing.
1:46 of 3rd period - Jason Allison wins face-off versus Stephen Weiss in Jets zone.
1:46 of 3rd period - Jason Allison is hit by Guillaume Latendresse.
2:00 of 3rd period - Snap shot by Stephen Weiss.
2:00 of 3rd period - Stopped by Maxime Daigneault with a rebound.
2:02 of 3rd period - Slapshot by Guillaume Latendresse.
2:02 of 3rd period - Deflect By Stephen Weiss.
2:02 of 3rd period - Shot Hit the Post.
2:02 of 3rd period - Puck is out of play.
2:03 of 3rd period - Jason Allison wins face-off versus Stephen Weiss in Jets zone.
2:53 of 3rd period - Snap shot by Phil Kessel.
2:53 of 3rd period - Shot Misses the Net.
3:45 of 3rd period - Penalty to Jussi Jokinen is over, Jussi Jokinen is back on ice.
4:02 of 3rd period - Roman Hamrlik is hit by Patrick Eaves and loses puck.
4:15 of 3rd period - Jason Williams is hit by Roman Hamrlik and loses puck.
4:40 of 3rd period - Jeff Schultz is hit by Kristian Huselius and loses puck.
5:28 of 3rd period - Minor Penalty to Fredrik Sjostrom for High sticking.
5:29 of 3rd period - Stephen Weiss wins face-off versus Jason Allison in Jets zone.
5:56 of 3rd period - Kurtis Foster is hit by Michal Rozsival and loses puck.
7:28 of 3rd period - Penalty to Fredrik Sjostrom is over, Fredrik Sjostrom is back on ice.
7:45 of 3rd period - Kristian Huselius is hit by Ben Lovejoy.
8:20 of 3rd period - Snap shot by Derek Roy.
8:20 of 3rd period - Shot Blocked by Mike Komisarek.
8:23 of 3rd period - Icing by Mike Komisarek.
8:24 of 3rd period - Jason Williams wins face-off versus Derek Roy in Devils zone.
8:24 of 3rd period - Jason Williams is hit by Jussi Jokinen.
8:42 of 3rd period - Guillaume Latendresse is hit by Michal Rozsival and loses puck.
8:58 of 3rd period - Eric Brewer is hit by Lee Stempniak and loses puck.
9:20 of 3rd period - Wrist shot by Andrei Kostitsyn.
9:20 of 3rd period - Shot Blocked by Tuomo Ruutu.
9:53 of 3rd period - Slapshot by Dmitri Kalinin.
9:53 of 3rd period - Deflect By Brian Rafalski.
9:53 of 3rd period - Stopped by Dan Ellis without a rebound.
9:54 of 3rd period - Jason Allison wins face-off versus Guillaume Latendresse in Devils zone.
10:05 of 3rd period - Slapshot by Daniel Alfredsson.
10:05 of 3rd period - Shot Misses the Net.
10:07 of 3rd period - Slapshot by Michal Rozsival.
10:07 of 3rd period - Stopped by Dan Ellis without a rebound.
10:08 of 3rd period - Stephen Weiss wins face-off versus Jason Allison in Devils zone.
10:13 of 3rd period - Guillaume Latendresse is hit by Daniel Alfredsson and loses puck.
10:24 of 3rd period - Wrist shot by Mike Komisarek.
10:24 of 3rd period - Shot Blocked by Michal Rozsival.
10:34 of 3rd period - Jussi Jokinen is hit by Dustin Boyd and loses puck.
10:54 of 3rd period - Minor Penalty to Andrei Kostitsyn for Tripping.
10:55 of 3rd period - Jason Allison wins face-off versus Saku Koivu in Devils zone.
11:22 of 3rd period - Mike Komisarek is hit by Derek Roy and loses puck.
12:09 of 3rd period - Slapshot by Guillaume Latendresse.
12:09 of 3rd period - Shot Blocked by Jussi Jokinen.
12:33 of 3rd period - Minor Penalty to Michal Rozsival for Holding.
12:34 of 3rd period - Jason Allison wins face-off versus Saku Koivu in Jets zone.
12:54 of 3rd period - Penalty to Andrei Kostitsyn is over, Andrei Kostitsyn is back on ice.
13:13 of 3rd period - Slapshot by Guillaume Latendresse.
13:13 of 3rd period - Stopped by Maxime Daigneault without a rebound.
13:14 of 3rd period - Derek Roy wins face-off versus Dustin Boyd in Jets zone.
13:37 of 3rd period - Brian Rafalski is hit by Eric Brewer and loses puck.
13:56 of 3rd period - Andrei Markov is hit by Dmitri Kalinin and loses puck.
14:33 of 3rd period - Penalty to Michal Rozsival is over, Michal Rozsival is back on ice.
14:54 of 3rd period - Slapshot by Kyle Wellwood.
14:54 of 3rd period - Shot Misses the Net.
14:56 of 3rd period - Snap shot by Tuomo Ruutu.
14:56 of 3rd period - Stopped by Dan Ellis without a rebound.
14:57 of 3rd period - Saku Koivu wins face-off versus Kyle Wellwood in Devils zone.
15:08 of 3rd period - Slapshot by Ben Lovejoy.
15:08 of 3rd period - Shot Blocked by Michal Rozsival.
15:23 of 3rd period - Andrei Markov is hit by Kristian Huselius.
15:29 of 3rd period - Wrist shot by Kristian Huselius.
15:29 of 3rd period - Shot Misses the Net.
15:31 of 3rd period - Wrist shot by Kristian Huselius.
15:31 of 3rd period - Shot Hit the Post.
15:33 of 3rd period - Wrist shot by Kyle Wellwood.
15:33 of 3rd period - Shot Misses the Net.
15:48 of 3rd period - Snap shot by Kyle Wellwood.
15:48 of 3rd period - Stopped by Dan Ellis with a rebound.
15:50 of 3rd period - Slapshot by Kristian Huselius.
15:50 of 3rd period - Stopped by Dan Ellis without a rebound.
15:51 of 3rd period - Dustin Boyd wins face-off versus Jason Allison in Devils zone.
15:53 of 3rd period - Minor Penalty to Dustin Boyd for Holding.
15:54 of 3rd period - Saku Koivu wins face-off versus Jason Allison in Devils zone.
17:53 of 3rd period - Penalty to Dustin Boyd is over, Dustin Boyd is back on ice.
18:25 of 3rd period - Benoit Pouliot is hit by Mike Komisarek and loses puck.
18:26 of 3rd period - Benoit Pouliot from Jets is injured at 18:26 of 3rd period (Back).
18:27 of 3rd period - Dustin Boyd wins face-off versus Greg Campbell in Jets zone.
18:28 of 3rd period - Snap shot by Lee Stempniak.
18:28 of 3rd period - Stopped by Maxime Daigneault without a rebound.
18:29 of 3rd period - Miroslav Satan wins face-off versus Dustin Boyd in Jets zone.
18:33 of 3rd period - Off-side.
18:34 of 3rd period - Dustin Boyd wins face-off versus Fredrik Sjostrom in neutral zone.
18:40 of 3rd period - Minor Penalty to Fredrik Sjostrom for High sticking.
18:41 of 3rd period - Stephen Weiss wins face-off versus Jason Allison in Jets zone.
18:48 of 3rd period - Snap shot by Jonas Hoglund.
18:48 of 3rd period - Stopped by Maxime Daigneault with a rebound.
19:22 of 3rd period - Devils, Dan Ellis is pulled from the net.
19:35 of 3rd period - Icing by Guillaume Latendresse.
19:36 of 3rd period - Dan Ellis from Devils was sent back in the game.
19:36 of 3rd period - Jason Allison wins face-off versus Dustin Boyd in Devils zone.
19:45 of 3rd period - Devils, Dan Ellis is pulled from the net.
19:45 of 3rd period - Snap shot by Kurtis Foster.
19:45 of 3rd period - Shot Blocked by Mike Commodore.
19:47 of 3rd period - Snap shot by Jonas Hoglund.
19:47 of 3rd period - Goal by Jonas Hoglund - Jets : 2 - Devils : 2.
19:47 of 3rd period - Dan Ellis from Devils was sent back in the game.
19:48 of 3rd period - Dustin Boyd wins face-off versus Greg Campbell in neutral zone.
19:50 of 3rd period - Off-side.
19:51 of 3rd period - Dustin Boyd wins face-off versus Greg Campbell in neutral zone.
Goals for this period are 0 for Jets vs 1 for Devils.
Shots for this period are 10 for Jets vs 5 for Devils.

Overtime #1


0:01 of 1st overtime period - Jonas Hoglund wins face-off versus Jason Allison in neutral zone.
0:04 of 1st overtime period - Slapshot by Saku Koivu.
0:04 of 1st overtime period - Stopped by Maxime Daigneault with a rebound.
0:06 of 1st overtime period - Snap shot by Andrei Kostitsyn.
0:06 of 1st overtime period - Stopped by Maxime Daigneault without a rebound.
0:07 of 1st overtime period - Saku Koivu wins face-off versus Jason Allison in Jets zone.
0:54 of 1st overtime period - Slapshot by Dmitri Kalinin.
0:54 of 1st overtime period - Stopped by Dan Ellis without a rebound.
0:55 of 1st overtime period - Dustin Boyd wins face-off versus Kyle Wellwood in Devils zone.
1:09 of 1st overtime period - Wrist shot by Tuomo Ruutu.
1:09 of 1st overtime period - Shot Misses the Net.
1:17 of 1st overtime period - Minor Penalty to Tomas Holmstrom for Holding.
1:18 of 1st overtime period - Saku Koivu wins face-off versus Jason Allison in Devils zone.
3:17 of 1st overtime period - Penalty to Tomas Holmstrom is over, Tomas Holmstrom is back on ice.
3:17 of 1st overtime period - Dustin Boyd is hit by Eric Brewer and loses puck.
3:24 of 1st overtime period - Snap shot by Andrei Kostitsyn.
3:24 of 1st overtime period - Stopped by Maxime Daigneault without a rebound.
3:25 of 1st overtime period - Stephen Weiss wins face-off versus Kyle Wellwood in Jets zone.
3:55 of 1st overtime period - Off-side.
3:56 of 1st overtime period - Derek Roy wins face-off versus Saku Koivu in neutral zone.
4:01 of 1st overtime period - Snap shot by Jussi Jokinen.
4:01 of 1st overtime period - Shot Misses the Net.
4:34 of 1st overtime period - Snap shot by Guillaume Latendresse.
4:34 of 1st overtime period - Shot Blocked by Marek Zidlicky.
4:44 of 1st overtime period - Slapshot by Tomas Holmstrom.
4:44 of 1st overtime period - Stopped by Maxime Daigneault with a rebound.
4:52 of 1st overtime period - Wrist shot by Dustin Boyd.
4:52 of 1st overtime period - Stopped by Maxime Daigneault with a rebound.
5:04 of 1st overtime period - Kristian Huselius is hit by Andrei Kostitsyn.
5:11 of 1st overtime period - Minor Penalty to Andrei Kostitsyn for Hooking.
5:12 of 1st overtime period - Jason Allison wins face-off versus Saku Koivu in Devils zone.
5:24 of 1st overtime period - Snap shot by Daniel Alfredsson.
5:24 of 1st overtime period - Shot Blocked by Kurtis Foster.
5:26 of 1st overtime period - Snap shot by Jussi Jokinen.
5:26 of 1st overtime period - Stopped by Dan Ellis with a rebound.
5:28 of 1st overtime period - Slapshot by Eric Brewer.
5:28 of 1st overtime period - Shot Misses the Net.
5:43 of 1st overtime period - Andrei Markov is hit by Adam Burish and loses puck.
6:24 of 1st overtime period - Icing by Jason Allison.
6:25 of 1st overtime period - Jason Williams wins face-off versus Jason Allison in Jets zone.
6:30 of 1st overtime period - Slapshot by Lee Stempniak.
6:30 of 1st overtime period - Stopped by Maxime Daigneault without a rebound.
6:31 of 1st overtime period - Saku Koivu wins face-off versus Derek Roy in Jets zone.
6:32 of 1st overtime period - Slapshot by Jonas Hoglund.
6:32 of 1st overtime period - Shot Blocked by Eric Brewer.
6:58 of 1st overtime period - Snap shot by Lee Stempniak.
6:58 of 1st overtime period - Deflect By Jason Williams.
6:58 of 1st overtime period - Shot Blocked by Michal Rozsival.
6:58 of 1st overtime period - Puck is out of play.
6:59 of 1st overtime period - Jason Williams wins face-off versus Derek Roy in Jets zone.
7:11 of 1st overtime period - Penalty to Andrei Kostitsyn is over, Andrei Kostitsyn is back on ice.
7:31 of 1st overtime period - Snap shot by Fredrik Sjostrom.
7:31 of 1st overtime period - Shot Blocked by Brian Rafalski.
7:33 of 1st overtime period - Slapshot by Marek Zidlicky.
7:33 of 1st overtime period - Shot Blocked by Ben Lovejoy.
8:58 of 1st overtime period - Slapshot by Jonas Hoglund.
8:58 of 1st overtime period - Shot Misses the Net.
9:00 of 1st overtime period - Slapshot by Andrei Markov.
9:00 of 1st overtime period - Shot Blocked by Michal Rozsival.
9:33 of 1st overtime period - Adam Burish is hit by Patrick Eaves and loses puck.
9:42 of 1st overtime period - Wrist shot by Guillaume Latendresse.
9:42 of 1st overtime period - Stopped by Maxime Daigneault without a rebound.
9:43 of 1st overtime period - Daniel Alfredsson wins face-off versus Saku Koivu in Jets zone.
9:43 of 1st overtime period - Daniel Alfredsson is hit by Jonas Hoglund.
10:08 of 1st overtime period - Wrist shot by Stephen Weiss.
10:08 of 1st overtime period - Shot Misses the Net.
10:10 of 1st overtime period - Snap shot by Stephen Weiss.
10:10 of 1st overtime period - Shot Misses the Net.
10:12 of 1st overtime period - Slapshot by Guillaume Latendresse.
10:12 of 1st overtime period - Stopped by Maxime Daigneault with a rebound.
10:14 of 1st overtime period - Slapshot by Andrei Markov.
10:14 of 1st overtime period - Shot Blocked by Jussi Jokinen.
10:16 of 1st overtime period - Slapshot by Guillaume Latendresse.
10:16 of 1st overtime period - Goal by Guillaume Latendresse - Jets : 2 - Devils : 3.
Goals for this period are 0 for Jets vs 1 for Devils.
Shots for this period are 2 for Jets vs 9 for Devils.


Output by the SimonT Hockey Simulator (STHS) for François Prévost -- Original Page W3C XHTML 1.0 Valid
Hockey Simulator - Hockey Simulation - Hockey Manager